 Dungeon Crawl Stone Soup version 0.18-a0-1060-g4fac74f (webtiles) character file.

136 gorblad the Ducker (level 4, -1/36 HPs)
             Began as a Draconian Assassin on Jan 13, 2016.
             Slain by a giant gecko (2 damage)
             ... on level 3 of the Dungeon.
             The game lasted 00:04:33 (2395 turns).

gorblad the Ducker (Draconian Assassin)             Turns: 2395, Time: 00:04:34

Health: -1/36      AC:  7    Str: 15    XL:     4   Next: 98%
Magic:  4/4        EV: 13    Int: 11    God:
Gold:   71         SH:  0    Dex: 12    Spells: 0 memorised, 3 levels left

rFire  . . .     SeeInvis .     a - +2 dagger
rCold  . . .     Gourm    .     (armour unavailable)
rNeg   . . .     Faith    .     (no shield)
rPois  .         Spirit   .     (helmet restricted)
rElec  .         Dismiss  .     c - +0 cloak
rCorr  .         Reflect  .     n - +0 pair of gloves
SustAt .         Harm     .     (no boots)
MR     .....                    (no amulet)
Stlth  ++........               (no ring)
                                (no ring)

@: lethally poisoned (-1 -> -5), exhausted, slowed, very slow, not resistant to
hostile enchantments, unstealthy
A: unfitting armour, cold-blooded, AC +5
a: no special abilities


You were on level 3 of the Dungeon.
You were not hungry.

You visited 1 branch of the dungeon, and saw 3 of its levels.

You collected 71 gold pieces.

Inventory:

Hand Weapons
 a - a +2 dagger (weapon)
 b - a +0 blowgun
Missiles
 d - 8 poisoned needles
 e - 2 curare-tipped needles
Armour
 c - a +0 cloak (worn)
 n - a +0 pair of gloves (worn)
Scrolls
 g - 2 scrolls of magic mapping
 k - 2 scrolls of remove curse
Potions
 l - 2 potions of poison
 r - a potion of haste
Comestibles
 f - 2 bread rations
 h - 2 meat rations
 i - 3 chunks of flesh
 j - a beef jerky


   Skills:
 - Level 2.1 Fighting
 - Level 2.0 Short Blades
 - Level 1.7 Throwing
 + Level 4.4 Dodging
 - Level 3.6 Stealth


You had 3 spell levels left.
You didn't know any spells.

Dungeon Overview and Level Annotations

Branches:
Dungeon (3/15)

Altars:


Innate Abilities, Weirdness & Mutations

Your plain brown scales are hard (AC +5).
Your body does not fit into most forms of armour.
You are cold-blooded and may be slowed by cold attacks.


Message History

The kobold hits you but does no damage. The giant gecko misses you.
The kobold closely misses you.
Things that are here:
a short sword; a chain mail; the human corpse of Terence You hit the kobold.
You kill the kobold!
* * * LOW HITPOINT WARNING * * *
You feel sick. The giant gecko barely misses you.
Things that are here:
an uncursed whip; an uncursed blowgun; 8 poisoned needles You feel a strong urge to attack something.
The giant gecko closely misses you.
You are no longer berserk.
You are exhausted.
You feel yourself slow down. The giant gecko closely misses you.
* * * LOW HITPOINT WARNING * * *
You feel sick.
The giant gecko bites you but does no damage.
The giant gecko bites you.
You die...

##############
............>#
############.#
###'#########
#######
#......(....#
......#
#....†......#
#####.#
#.....).....#
#.##
#......(l...#
#..#
#.....$@)...#
##)#
#.....?.....# #.#
#...........# #.#
#...........#
#(###...........#
#
#(.####.#########
##.## #? #..# #
##[#


You could see a giant gecko.

Vanquished Creatures
  Jessica (D:3)
  Terence (D:3)
  A gnoll (D:1)
  4 adders
  A worm (D:3)
  A giant gecko (D:1)
  An orc (D:3)
  2 giant cockroaches
  4 hobgoblins
  8 kobolds
  A quokka (D:2)
  A ball python (D:2)
  7 bats
  3 goblins
  5 rats
41 creatures vanquished.

Notes
Turn   | Place    | Note
--------------------------------------------------------------
     0 | D:1      | gorblad the Draconian Assassin began the quest for the Orb.
     0 | D:1      | Reached XP level 1. HP: 17/17 MP: 1/1
    16 | D:1      | Reached skill level 1 in Dodging
   216 | D:1      | Reached XP level 2. HP: 21/24 MP: 2/2
  1135 | D:2      | Reached XP level 3. HP: 29/29 MP: 3/3
  2043 | D:3      | Found a faded altar to an unknown god.
  2044 | D:3      | Noticed Jessica
  2056 | D:3      | Reached XP level 4. HP: 18/36 MP: 4/4
  2066 | D:3      | Killed Jessica
  2066 | D:3      | Reached skill level 4 in Dodging
  2357 | D:3      | Noticed Terence
  2389 | D:3      | Killed Terence
  2389 | D:3      | HP: 2/54 [poisoned by a kobold]
  2395 | D:3      | HP: 1/36 [poisoned by a kobold]
  2395 | D:3      | Slain by a giant gecko

Vault maps used:
D:1:      lightli_arrival_maybe_door_vault
D:2:      first_bread
D:3:      nicolae_dithmenos_through_a_glass_darkly, nicolae_gozag_seed_capital,
          ecumenical_altar_2, uniq_jessica, uniq_terence

Action                   |  1- 3 |  4- 6 || total
-------------------------+-------+-------++-------
Melee: Dagger            |   136 |    47 ||   183
  Use: Scroll            |    11 |       ||    11
       Potion            |       |     2 ||     2
 Stab: Sleeping          |     3 |     1 ||     4
  Eat: Chunk             |     4 |     1 ||     5
